[ AOE2 MATCH · #461538358 ]
UnrankedBritons vs Ethiopians
[ REPLAY ANALYSIS · EXTRACTED FROM THE RECORDED GAME ]
Feudal
10:58
Castle
—
Imperial
—
| APM avg | 28.5 |
| APM peak | 56 |
| eAPM avg | 14.1 |
| Villagers / military | 51 / 32 |
Focus
⚔️ 32.0% · 🌾 68.0%
Archer ×32
Feudal
12:19
Castle
—
Imperial
—
| APM avg | 42.6 |
| APM peak | 69 |
| eAPM avg | 17.7 |
| Villagers / military | 63 / 12 |
Focus
⚔️ 22.0% · 🌾 78.0%
Skirmisher ×8 · Spearman ×4
Feudal
9:45
Castle
23:36
Imperial
—
| APM avg | 88.2 |
| APM peak | 168 |
| eAPM avg | 46.0 |
| Villagers / military | 69 / 40 |
Focus
⚔️ 56.9% · 🌾 43.1%
Archer ×33 · Mangonel ×4 · Spearman ×2 · Battering Ram ×1
Feudal
13:46
Castle
17:47
Imperial
—
| APM avg | 25.4 |
| APM peak | 82 |
| eAPM avg | 12.8 |
| Villagers / military | 50 / 6 |
Focus
⚔️ 30.9% · 🌾 69.1%
Knight ×5 · Spearman ×1
Feudal
8:57
Castle
21:33
Imperial
—
| APM avg | 26.7 |
| APM peak | 57 |
| eAPM avg | 10.8 |
| Villagers / military | 29 / 33 |
Focus
⚔️ 31.4% · 🌾 68.6%
Knight ×22 · Scout Cavalry ×11
Feudal
11:14
Castle
25:57
Imperial
—
| APM avg | 33.1 |
| APM peak | 58 |
| eAPM avg | 16.3 |
| Villagers / military | 55 / 17 |
Focus
⚔️ 40.1% · 🌾 59.9%
Unknown (2550) ×22 · Skirmisher ×16 · Archer ×1
Match map
Initial resources + every placement click. Lines = walls · curves = elevation contours. ◆ gold · ⬟ stone · ● berries · ✦ relic · ◌ wall gap
Your base· ✓ Closed at 25:45 · 46t walls · no gate
T-Bone's base· Open — unwalled flank
[Sayarichiy] Caradeoso2362's base· Open — opponent sealed themselves in
Sparrow Fart's base· ✓ Closed at 17:47 · 0t walls · no gate
AnonimouS13's base· Open — opponent sealed themselves in
Kiski diski papai's base· Open — opponent sealed themselves in
Smoothed initial terrain · ◌ = detected wall gap · hover for details
Inputs per minute
— goldenbrowne - - T-Bone
Build order — goldenbrowne
First 150 of 161 actions detected
| 0:01 | Create | Villager (Male) |
| 0:02 | Build | House |
| 0:04 | Build | House |
| 0:12 | Create | Villager (Male) ×3 |
| 1:17 | Create | Villager (Male) |
| 1:50 | Create | Villager (Male) |
| 1:51 | Create | Villager (Male) |
| 2:10 | Build | Lumber Camp |
| 2:28 | Create | Villager (Male) |
| 2:28 | Create | Villager (Male) |
| 3:13 | Build | House |
| 3:18 | Create | Villager (Male) |
| 3:18 | Create | Villager (Male) |
| 3:19 | Create | Villager (Male) |
| 3:19 | Create | Villager (Male) |
| 3:39 | Build | Palisade Wall |
| 3:39 | Build | Palisade Wall |
| 3:41 | Build | Palisade Wall |
| 3:43 | Build | Palisade Wall |
| 4:04 | Create | Villager (Male) |
| 4:16 | Create | Villager (Male) |
| 4:43 | Build | House |
| 4:52 | Build | Palisade Wall |
| 5:00 | Build | House |
| 5:37 | Build | Mill |
| 6:27 | Build | Palisade Wall |
| 6:41 | Create | Villager (Male) |
| 6:42 | Create | Villager (Male) |
| 6:42 | Create | Villager (Male) |
| 7:29 | Create | Villager (Male) |
| 8:03 | Create | Villager (Male) |
| 8:15 | Build | Palisade Wall |
| 8:28 | Build | House |
| 8:48 | Research | Feudal Age |
| 8:56 | Build | Palisade Wall |
| 9:04 | Build | Mining Camp |
| 9:46 | Build | Barracks |
| 10:16 | Create | Villager (Male) |
| 10:16 | Create | Villager (Male) |
| 10:37 | Build | House |
| 10:58 | Age | Feudal Age |
| 11:00 | Build | Archery Range |
| 11:03 | Build | Archery Range |
| 11:10 | Create | Villager (Male) |
| 11:28 | Create | Villager (Male) |
| 11:35 | Build | House |
| 11:36 | Build | House |
| 11:43 | Create | Villager (Male) |
| 11:59 | Create | Archer |
| 11:59 | Create | Archer |
| 12:04 | Build | House |
| 12:09 | Create | Archer |
| 12:09 | Create | Archer |
| 12:21 | Research | Loom |
| 12:21 | Create | Villager (Male) |
| 12:22 | Create | Villager (Male) |
| 12:40 | Create | Archer |
| 12:40 | Create | Archer |
| 12:45 | Build | Palisade Wall |
| 13:02 | Build | Palisade Wall |
| 13:10 | Build | Palisade Wall |
| 13:13 | Build | Palisade Wall |
| 13:27 | Build | Palisade Wall |
| 13:44 | Build | Palisade Wall |
| 14:23 | Create | Archer |
| 14:23 | Create | Archer |
| 15:05 | Build | Mill |
| 15:13 | Create | Villager (Male) |
| 15:14 | Create | Villager (Male) |
| 15:30 | Create | Archer |
| 15:33 | Create | Archer |
| 15:35 | Create | Villager (Male) |
| 15:37 | Create | Villager (Male) |
| 16:03 | Create | Archer |
| 16:03 | Create | Archer |
| 16:05 | Create | Villager (Male) |
| 16:05 | Create | Villager (Male) |
| 16:18 | Build | Lumber Camp |
| 16:37 | Build | Farm |
| 16:57 | Build | House |
| 17:05 | Build | House |
| 17:25 | Create | Archer |
| 17:25 | Create | Archer |
| 17:26 | Create | Villager (Male) |
| 17:44 | Build | Watch Tower |
| 18:40 | Build | Palisade Wall |
| 19:46 | Build | Farm |
| 19:48 | Build | Farm |
| 20:17 | Create | Villager (Male) |
| 20:18 | Create | Villager (Male) |
| 20:18 | Create | Villager (Male) |
| 20:19 | Build | Farm |
| 20:22 | Create | Archer |
| 20:22 | Create | Archer |
| 20:23 | Create | Archer |
| 20:23 | Create | Archer |
| 20:33 | Build | Palisade Wall |
| 20:47 | Build | Farm |
| 20:49 | Create | Villager (Male) |
| 20:51 | Create | Archer |
| 20:52 | Create | Archer |
| 20:53 | Build | Palisade Wall |
| 21:07 | Build | Farm |
| 21:11 | Create | Archer |
| 21:11 | Create | Archer |
| 21:21 | Build | Farm |
| 21:29 | Build | Palisade Wall |
| 21:38 | Build | Farm |
| 21:47 | Build | Farm |
| 21:48 | Create | Villager (Male) |
| 21:48 | Create | Villager (Male) |
| 22:04 | Create | Villager (Male) |
| 22:05 | Create | Villager (Male) |
| 22:08 | Build | Farm |
| 22:29 | Build | House |
| 22:55 | Build | Farm |
| 23:00 | Build | Blacksmith |
| 23:14 | Create | Villager (Male) |
| 23:17 | Build | Palisade Wall |
| 23:19 | Build | House |
| 23:22 | Create | Archer |
| 23:22 | Create | Archer |
| 23:24 | Create | Villager (Male) |
| 23:24 | Create | Villager (Male) |
| 23:27 | Build | Farm |
| 23:29 | Create | Villager (Male) |
| 23:36 | Build | Palisade Wall |
| 23:46 | Create | Villager (Male) |
| 23:50 | Build | Farm |
| 23:52 | Research | Fletching |
| 23:55 | Create | Villager (Male) |
| 23:55 | Create | Villager (Male) |
| 24:00 | Build | Farm |
| 24:23 | Build | House |
| 24:26 | Build | Farm |
| 24:31 | Build | House |
| 24:32 | Build | House |
| 24:59 | Build | Farm |
| 25:01 | Build | Farm |
| 25:06 | Create | Archer |
| 25:06 | Create | Archer |
| 25:07 | Create | Archer |
| 25:11 | Create | Archer |
| 25:25 | Build | Farm |
| 25:27 | Create | Villager (Male) |
| 25:45 | Research | Castle Age |
| 25:45 | Research | Castle Age |
| 25:51 | Create | Archer |
| 25:52 | Create | Archer |
| 25:56 | Build | Farm |
Build order — T-Bone
First 150 of 167 actions detected
| 0:02 | Build | House |
| 0:03 | Build | House |
| 0:04 | Create | Villager (Male) |
| 0:05 | Create | Villager (Male) |
| 0:34 | Create | Villager (Male) |
| 0:35 | Create | Villager (Male) |
| 1:29 | Create | Villager (Male) |
| 1:29 | Create | Villager (Male) |
| 1:50 | Build | Lumber Camp |
| 2:06 | Create | Villager (Male) |
| 2:06 | Create | Villager (Male) |
| 2:25 | Create | Villager (Male) |
| 2:25 | Create | Villager (Male) |
| 2:59 | Create | Villager (Male) |
| 2:59 | Create | Villager (Male) |
| 3:14 | Create | Villager (Male) |
| 3:14 | Create | Villager (Male) |
| 3:33 | Build | House |
| 3:40 | Create | Villager (Male) |
| 3:40 | Create | Villager (Male) |
| 4:11 | Create | Villager (Male) |
| 4:20 | Build | Mill |
| 4:21 | Create | Villager (Male) |
| 4:21 | Create | Villager (Male) |
| 4:56 | Create | Villager (Male) |
| 4:56 | Create | Villager (Male) |
| 5:10 | Build | House |
| 5:34 | Create | Villager (Male) |
| 5:34 | Create | Villager (Male) |
| 5:35 | Create | Villager (Male) |
| 5:41 | Build | Palisade Wall |
| 5:51 | Create | Villager (Male) |
| 5:51 | Create | Villager (Male) |
| 5:52 | Create | Villager (Male) |
| 6:34 | Build | Palisade Wall |
| 6:37 | Create | Villager (Male) |
| 6:37 | Create | Villager (Male) |
| 7:05 | Create | Villager (Male) |
| 7:15 | Build | Palisade Wall |
| 7:33 | Create | Villager (Male) |
| 7:44 | Build | Lumber Camp |
| 7:44 | Create | Villager (Male) |
| 7:44 | Create | Villager (Male) |
| 7:47 | Build | House |
| 8:08 | Build | Palisade Wall |
| 8:28 | Create | Villager (Male) |
| 9:02 | Research | Loom |
| 9:04 | Build | Mining Camp |
| 9:21 | Build | Palisade Wall |
| 9:22 | Build | Palisade Wall |
| 9:54 | Build | Palisade Wall |
| 9:56 | Research | Feudal Age |
| 10:35 | Create | Villager (Male) |
| 10:36 | Create | Villager (Male) |
| 11:06 | Build | Mill |
| 11:27 | Build | Barracks |
| 12:19 | Age | Feudal Age |
| 12:36 | Build | Blacksmith |
| 12:52 | Build | Market |
| 12:58 | Create | Villager (Male) |
| 13:11 | Build | Archery Range |
| 13:12 | Create | Villager (Male) |
| 13:43 | Research | Town Watch |
| 13:46 | Build | House |
| 13:49 | Build | House |
| 13:55 | Create | Skirmisher |
| 13:55 | Create | Skirmisher |
| 14:03 | Build | House |
| 14:05 | Build | House |
| 14:18 | Research | Fletching |
| 14:18 | Research | Padded Archer Armor |
| 14:31 | Build | Palisade Gate |
| 14:38 | Build | House |
| 14:46 | Create | Skirmisher |
| 14:49 | Build | Palisade Wall |
| 15:22 | Build | Lumber Camp |
| 15:27 | Build | Mining Camp |
| 15:30 | Build | House |
| 15:32 | Build | House |
| 15:34 | Create | Skirmisher |
| 15:47 | Create | Spearman |
| 15:47 | Create | Spearman |
| 16:01 | Build | Watch Tower |
| 16:09 | Create | Skirmisher |
| 16:10 | Create | Skirmisher |
| 16:15 | Create | Spearman |
| 16:15 | Create | Spearman |
| 16:45 | Create | Villager (Male) |
| 16:45 | Create | Villager (Male) |
| 17:31 | Build | Palisade Wall |
| 18:38 | Create | Villager (Male) |
| 18:38 | Create | Villager (Male) |
| 18:38 | Create | Villager (Male) |
| 18:39 | Create | Villager (Male) |
| 18:57 | Build | Palisade Wall |
| 19:17 | Build | Palisade Wall |
| 19:34 | Build | Palisade Wall |
| 19:43 | Build | Farm |
| 19:44 | Build | Farm |
| 19:44 | Build | Farm |
| 19:44 | Build | Farm |
| 19:44 | Build | Farm |
| 19:54 | Build | Farm |
| 19:55 | Build | Farm |
| 19:58 | Create | Villager (Male) |
| 19:58 | Create | Villager (Male) |
| 20:05 | Create | Villager (Male) |
| 20:23 | Build | Farm |
| 20:41 | Build | Farm |
| 20:41 | Build | Farm |
| 20:45 | Build | Farm |
| 20:59 | Build | Palisade Wall |
| 21:07 | Build | Palisade Wall |
| 21:31 | Build | Farm |
| 21:32 | Create | Villager (Male) |
| 21:32 | Create | Villager (Male) |
| 21:41 | Build | Farm |
| 21:46 | Create | Villager (Male) |
| 22:01 | Build | Farm |
| 22:12 | Build | Watch Tower |
| 22:16 | Create | Villager (Male) |
| 22:16 | Create | Villager (Male) |
| 22:26 | Build | Farm |
| 22:34 | Research | Horse Collar |
| 22:48 | Create | Villager (Male) |
| 22:52 | Build | Farm |
| 23:20 | Create | Villager (Male) |
| 23:25 | Build | Farm |
| 23:27 | Create | Villager (Male) |
| 23:52 | Build | Watch Tower |
| 23:54 | Build | House |
| 23:56 | Build | House |
| 24:17 | Build | Farm |
| 24:17 | Build | Farm |
| 24:27 | Build | Stable |
| 24:37 | Build | House |
| 24:46 | Build | House |
| 24:49 | Create | Villager (Male) |
| 25:13 | Build | House |
| 25:23 | Build | Stone Wall |
| 25:28 | Build | Stone Wall |
| 25:31 | Build | Stone Wall |
| 25:34 | Build | Stone Wall |
| 25:35 | Create | Villager (Male) |
| 25:35 | Create | Villager (Male) |
| 25:41 | Build | Farm |
| 25:42 | Create | Villager (Male) |
| 25:45 | Build | Stone Wall |
| 25:53 | Build | Stone Wall |
| 25:53 | Build | Stone Wall |
Build order — [Sayarichiy] Caradeoso2362
First 150 of 177 actions detected
| 0:00 | Create | Villager (Male) |
| 0:01 | Create | Villager (Male) |
| 0:02 | Build | House |
| 0:02 | Build | House |
| 0:05 | Create | Villager (Male) |
| 0:28 | Create | Villager (Male) |
| 0:28 | Create | Villager (Male) |
| 1:32 | Create | Villager (Male) |
| 1:55 | Build | Lumber Camp |
| 2:07 | Create | Villager (Male) |
| 2:29 | Create | Villager (Male) |
| 2:51 | Create | Villager (Male) |
| 3:07 | Create | Villager (Male) |
| 3:49 | Create | Villager (Male) |
| 3:49 | Create | Villager (Male) |
| 3:56 | Build | House |
| 4:11 | Create | Villager (Male) |
| 4:34 | Create | Villager (Male) |
| 4:59 | Create | Villager (Male) |
| 5:29 | Create | Villager (Male) |
| 5:41 | Create | Villager (Male) |
| 5:45 | Build | House |
| 5:49 | Build | Palisade Wall |
| 5:52 | Create | Villager (Male) |
| 5:57 | Build | Mill |
| 6:23 | Create | Villager (Male) |
| 6:26 | Research | Loom |
| 6:26 | Research | Loom |
| 7:35 | Research | Feudal Age |
| 7:36 | Research | Feudal Age |
| 7:53 | Create | Villager (Male) |
| 7:53 | Create | Villager (Male) |
| 8:03 | Build | Mining Camp |
| 8:48 | Build | Barracks |
| 8:55 | Build | House |
| 9:08 | Create | Villager (Male) |
| 9:45 | Age | Feudal Age |
| 9:52 | Build | Archery Range |
| 10:01 | Research | Double-Bit Axe |
| 10:01 | Research | Double-Bit Axe |
| 10:21 | Create | Villager (Male) |
| 10:33 | Build | Blacksmith |
| 10:36 | Create | Archer |
| 10:36 | Create | Archer |
| 11:02 | Create | Villager (Male) |
| 11:05 | Create | Villager (Male) |
| 11:21 | Build | Archery Range |
| 11:28 | Create | Archer |
| 11:59 | Create | Villager (Male) |
| 12:07 | Create | Archer |
| 12:10 | Create | Archer |
| 12:10 | Create | Archer |
| 12:13 | Build | House |
| 12:20 | Build | House |
| 12:26 | Create | Archer |
| 12:28 | Research | Fletching |
| 12:28 | Research | Fletching |
| 12:49 | Build | Palisade Gate |
| 12:52 | Research | Horse Collar |
| 12:52 | Research | Horse Collar |
| 12:56 | Create | Villager (Male) |
| 12:56 | Create | Villager (Male) |
| 12:59 | Create | Archer |
| 12:59 | Create | Archer |
| 13:46 | Create | Villager (Male) |
| 13:46 | Create | Villager (Male) |
| 13:49 | Build | Farm |
| 13:49 | Build | Farm |
| 13:49 | Build | Farm |
| 13:51 | Build | Farm |
| 13:51 | Build | Farm |
| 14:04 | Create | Villager (Male) |
| 14:06 | Build | Farm |
| 14:06 | Build | Farm |
| 14:37 | Create | Villager (Male) |
| 15:07 | Create | Archer |
| 15:23 | Create | Villager (Male) |
| 15:31 | Build | House |
| 15:54 | Create | Villager (Male) |
| 15:59 | Create | Archer |
| 15:59 | Create | Archer |
| 16:00 | Create | Villager (Male) |
| 16:08 | Research | Horse Collar |
| 16:08 | Research | Horse Collar |
| 16:08 | Create | Villager (Male) |
| 16:40 | Create | Villager (Male) |
| 16:40 | Create | Villager (Male) |
| 16:45 | Build | Farm |
| 16:46 | Build | Farm |
| 16:46 | Build | Farm |
| 16:46 | Build | Farm |
| 16:46 | Build | Farm |
| 16:47 | Build | Farm |
| 16:47 | Build | Farm |
| 16:47 | Build | Farm |
| 16:50 | Build | Market |
| 16:56 | Create | Villager (Male) |
| 17:07 | Create | Archer |
| 17:07 | Create | Archer |
| 17:12 | Build | House |
| 17:14 | Build | House |
| 17:26 | Create | Archer |
| 17:33 | Build | House |
| 17:33 | Build | House |
| 17:33 | Build | House |
| 17:33 | Build | House |
| 17:34 | Build | House |
| 17:35 | Build | House |
| 17:35 | Build | House |
| 17:35 | Build | House |
| 17:36 | Build | House |
| 17:36 | Build | House |
| 17:40 | Create | Villager (Male) |
| 17:50 | Create | Archer |
| 17:51 | Create | Archer |
| 18:04 | Research | Wheelbarrow |
| 18:20 | Create | Villager (Male) |
| 18:22 | Create | Archer |
| 18:50 | Create | Villager (Male) |
| 19:26 | Create | Villager (Male) |
| 19:27 | Create | Archer |
| 19:27 | Create | Archer |
| 19:47 | Build | Farm |
| 19:48 | Build | Farm |
| 19:49 | Build | Farm |
| 20:43 | Build | Farm |
| 20:52 | Research | Castle Age |
| 20:52 | Research | Castle Age |
| 20:56 | Research | Gold Mining |
| 21:00 | Create | Archer |
| 21:00 | Create | Archer |
| 21:16 | Research | Padded Archer Armor |
| 21:16 | Research | Padded Archer Armor |
| 21:28 | Create | Spearman |
| 21:28 | Create | Spearman |
| 22:10 | Create | Villager (Male) |
| 22:15 | Create | Archer ×4 |
| 23:31 | Create | Archer |
| 23:36 | Age | Castle Age |
| 23:40 | Build | Siege Workshop |
| 23:42 | Research | Bodkin Arrow |
| 23:42 | Research | Bodkin Arrow |
| 23:42 | Research | Crossbowman (upgrade) |
| 23:43 | Research | Crossbowman (upgrade) |
| 23:47 | Create | Archer |
| 23:50 | Build | Town Center |
| 24:02 | Build | Town Center |
| 24:04 | Create | Villager (Male) |
| 24:04 | Create | Villager (Male) |
| 24:05 | Research | Hand Cart |
Build order — Sparrow Fart
80 actions detected in the replay
| 0:02 | Create | Villager (Male) |
| 0:03 | Create | Villager (Male) |
| 0:03 | Create | Villager (Male) |
| 0:05 | Build | House |
| 0:06 | Build | House |
| 0:14 | Create | Villager (Male) |
| 0:14 | Create | Villager (Male) |
| 1:51 | Create | Villager (Male) |
| 1:52 | Create | Villager (Male) |
| 2:00 | Build | Lumber Camp |
| 2:04 | Create | Villager (Male) |
| 2:04 | Create | Villager (Male) |
| 2:37 | Create | Villager (Male) |
| 3:02 | Create | Villager (Male) |
| 3:02 | Create | Villager (Male) |
| 3:02 | Create | Villager (Male) |
| 4:20 | Create | Villager (Male) |
| 4:20 | Create | Villager (Male) |
| 4:32 | Build | House |
| 4:33 | Build | House |
| 5:27 | Build | Mill |
| 5:51 | Create | Villager (Male) |
| 6:27 | Create | Villager (Male) |
| 6:27 | Create | Villager (Male) |
| 6:27 | Create | Villager (Male) |
| 6:49 | Create | Villager (Male) |
| 6:49 | Create | Villager (Male) |
| 7:46 | Build | Farm |
| 7:50 | Build | Farm |
| 8:08 | Create | Villager (Male) |
| 8:08 | Create | Villager (Male) |
| 8:09 | Create | Villager (Male) |
| 8:10 | Build | Farm |
| 8:42 | Build | Lumber Camp |
| 8:46 | Create | Villager (Male) |
| 9:53 | Build | House |
| 9:55 | Create | Villager (Male) |
| 9:56 | Create | Villager (Male) |
| 9:56 | Create | Villager (Male) |
| 9:56 | Create | Villager (Male) |
| 10:31 | Research | Feudal Age |
| 10:37 | Build | Mining Camp |
| 11:11 | Build | Farm |
| 11:12 | Build | Farm |
| 11:51 | Build | Farm |
| 11:52 | Build | Farm |
| 12:52 | Create | Villager (Male) |
| 12:52 | Create | Villager (Male) |
| 13:46 | Age | Feudal Age |
| 13:50 | Build | Market |
| 13:58 | Build | Blacksmith |
| 14:12 | Research | Horse Collar |
| 14:18 | Build | House |
| 15:07 | Research | Castle Age |
| 15:08 | Research | Castle Age |
| 17:00 | Build | Barracks |
| 17:47 | Age | Castle Age |
| 17:56 | Build | Stable |
| 18:06 | Build | Town Center |
| 18:16 | Create | Spearman |
| 18:23 | Build | House |
| 18:26 | Build | House |
| 18:29 | Create | Knight |
| 18:45 | Create | Knight |
| 19:52 | Create | Knight |
| 20:23 | Create | Knight |
| 20:23 | Create | Knight |
| 22:09 | Create | Villager (Male) |
| 23:57 | Create | Villager (Male) ×5 |
| 24:06 | Create | Villager (Male) ×5 |
| 26:09 | Create | Villager (Male) |
| 26:09 | Create | Villager (Male) |
| 26:20 | Build | Farm |
| 26:20 | Build | Farm |
| 26:20 | Build | Farm |
| 26:46 | Build | Farm |
| 27:03 | Build | Farm |
| 27:07 | Build | Farm |
| 27:17 | Create | Villager (Male) ×3 |
| 27:18 | Create | Villager (Male) ×3 |
Build order — AnonimouS13
112 actions detected in the replay
| 0:00 | Create | Villager (Male) |
| 0:01 | Create | Villager (Male) |
| 0:01 | Create | Villager (Male) |
| 0:02 | Build | House |
| 0:03 | Build | House |
| 0:34 | Create | Villager (Male) |
| 1:35 | Create | Villager (Male) |
| 1:36 | Create | Villager (Male) |
| 2:02 | Create | Villager (Male) |
| 2:20 | Create | Villager (Male) |
| 2:50 | Create | Villager (Male) |
| 3:16 | Build | Lumber Camp |
| 3:17 | Create | Villager (Male) |
| 3:38 | Create | Villager (Male) |
| 3:47 | Build | House |
| 4:00 | Create | Villager (Male) |
| 4:40 | Create | Villager (Male) |
| 4:58 | Create | Villager (Male) |
| 5:18 | Create | Villager (Male) |
| 5:27 | Build | Mill |
| 5:48 | Create | Villager (Male) |
| 6:13 | Research | Loom |
| 6:47 | Research | Feudal Age |
| 7:34 | Build | Barracks |
| 8:13 | Build | House |
| 8:18 | Create | Villager (Male) |
| 8:41 | Create | Villager (Male) |
| 8:57 | Age | Feudal Age |
| 9:01 | Build | Stable |
| 9:45 | Build | Blacksmith |
| 9:46 | Create | Scout Cavalry |
| 9:51 | Create | Scout Cavalry |
| 9:56 | Create | Villager (Male) |
| 10:04 | Build | House |
| 10:15 | Create | Villager (Male) |
| 10:19 | Build | House |
| 10:19 | Create | Scout Cavalry |
| 10:48 | Build | Mill |
| 10:53 | Create | Villager (Male) |
| 11:00 | Create | Scout Cavalry |
| 11:19 | Create | Scout Cavalry |
| 11:34 | Create | Villager (Male) |
| 11:43 | Build | House |
| 11:57 | Research | Scale Barding Armor |
| 12:24 | Build | Farm |
| 12:30 | Build | Farm |
| 12:49 | Create | Scout Cavalry |
| 13:18 | Create | Scout Cavalry |
| 13:52 | Create | Scout Cavalry |
| 14:07 | Create | Scout Cavalry |
| 14:17 | Create | Villager (Male) |
| 14:56 | Build | Farm |
| 14:56 | Build | Farm |
| 14:57 | Build | Farm |
| 14:57 | Build | Farm |
| 14:57 | Build | Farm |
| 15:00 | Create | Villager (Male) |
| 15:06 | Build | Mining Camp |
| 15:09 | Create | Villager (Male) |
| 15:46 | Build | Farm |
| 15:46 | Build | Farm |
| 15:51 | Build | Farm |
| 15:51 | Build | Farm |
| 15:51 | Build | Farm |
| 16:15 | Build | Farm |
| 16:21 | Build | House |
| 17:00 | Create | Scout Cavalry |
| 17:00 | Create | Scout Cavalry |
| 17:17 | Create | Villager (Male) |
| 18:53 | Research | Castle Age |
| 20:03 | Build | House |
| 20:35 | Build | House |
| 20:39 | Build | Stable |
| 20:53 | Research | Horse Collar |
| 20:58 | Research | Double-Bit Axe |
| 21:33 | Age | Castle Age |
| 21:35 | Build | Farm |
| 21:37 | Create | Knight |
| 21:37 | Create | Knight |
| 22:12 | Research | Chain Barding Armor |
| 22:33 | Research | Husbandry |
| 22:37 | Create | Knight |
| 22:39 | Create | Villager (Male) |
| 23:26 | Build | Farm |
| 23:28 | Create | Knight |
| 23:28 | Create | Knight |
| 23:29 | Create | Knight |
| 23:29 | Create | Knight |
| 23:29 | Create | Knight |
| 23:59 | Create | Knight |
| 23:59 | Create | Knight |
| 24:37 | Create | Knight |
| 24:37 | Create | Knight |
| 24:37 | Create | Knight |
| 24:53 | Create | Villager (Male) |
| 25:08 | Create | Knight |
| 25:09 | Create | Knight |
| 25:28 | Create | Villager (Male) |
| 26:04 | Create | Knight |
| 26:04 | Create | Knight |
| 26:20 | Research | Bloodlines |
| 27:02 | Build | Farm |
| 27:02 | Build | Farm |
| 27:03 | Build | Farm |
| 27:03 | Build | Farm |
| 27:03 | Build | Farm |
| 27:03 | Build | Farm |
| 27:14 | Create | Knight |
| 27:14 | Create | Knight |
| 28:14 | Create | Knight |
| 28:15 | Create | Knight |
| 28:15 | Create | Knight |
Build order — Kiski diski papai
First 150 of 161 actions detected
| 0:01 | Create | Villager (Male) |
| 0:01 | Create | Villager (Male) |
| 0:01 | Create | Villager (Male) |
| 0:02 | Build | Barracks |
| 0:03 | Build | House |
| 0:04 | Create | Villager (Male) |
| 0:04 | Create | Villager (Male) |
| 1:07 | Create | Villager (Male) |
| 1:07 | Create | Villager (Male) |
| 1:13 | Create | Unit 2550 |
| 1:13 | Create | Villager (Male) |
| 1:51 | Create | Villager (Male) |
| 1:51 | Create | Villager (Male) |
| 1:55 | Create | Villager (Male) |
| 1:58 | Build | House |
| 2:21 | Research | Loom |
| 2:22 | Create | Villager (Male) |
| 2:22 | Create | Villager (Male) |
| 3:03 | Create | Villager (Male) |
| 3:03 | Create | Villager (Male) |
| 3:16 | Create | Villager (Male) |
| 3:16 | Create | Villager (Male) |
| 4:15 | Build | House |
| 4:24 | Create | Villager (Male) |
| 4:25 | Create | Villager (Male) |
| 5:05 | Create | Villager (Male) |
| 5:06 | Create | Villager (Male) |
| 5:21 | Create | Villager (Male) |
| 5:49 | Create | Villager (Male) |
| 5:59 | Create | Villager (Male) |
| 6:34 | Create | Villager (Male) |
| 6:51 | Create | Villager (Male) |
| 6:59 | Build | Settlement |
| 7:06 | Create | Villager (Male) |
| 8:32 | Create | Villager (Male) |
| 9:04 | Research | Feudal Age |
| 9:26 | Create | Villager (Male) |
| 9:45 | Build | Settlement |
| 9:50 | Create | Unit 2550 |
| 10:12 | Create | Unit 2550 |
| 10:14 | Create | Villager (Male) |
| 10:20 | Build | House |
| 10:27 | Create | Unit 2550 |
| 11:14 | Age | Feudal Age |
| 11:15 | Research | Tech 1402 |
| 11:18 | Research | Double-Bit Axe |
| 11:25 | Build | Farm |
| 11:40 | Build | House |
| 11:53 | Create | Villager (Male) |
| 12:00 | Build | Archery Range |
| 12:06 | Build | Farm |
| 12:09 | Build | Farm |
| 12:10 | Create | Villager (Male) |
| 12:16 | Create | Unit 2550 |
| 13:04 | Create | Archer |
| 13:07 | Create | Skirmisher |
| 13:08 | Create | Unit 2550 |
| 13:14 | Create | Villager (Male) |
| 13:41 | Create | Skirmisher |
| 13:42 | Create | Villager (Male) |
| 13:42 | Create | Villager (Male) |
| 13:46 | Build | Farm |
| 14:19 | Create | Unit 2550 |
| 14:55 | Create | Villager (Male) |
| 14:58 | Create | Unit 2550 |
| 15:00 | Create | Skirmisher |
| 15:02 | Create | Villager (Male) |
| 15:09 | Create | Villager (Male) |
| 15:12 | Build | Farm |
| 15:14 | Create | Unit 2550 |
| 15:16 | Create | Skirmisher |
| 15:22 | Build | Blacksmith |
| 15:30 | Build | House |
| 15:34 | Create | Unit 2550 |
| 15:38 | Build | House |
| 15:41 | Create | Villager (Male) |
| 15:48 | Build | Settlement |
| 15:50 | Create | Villager (Male) |
| 16:23 | Create | Villager (Male) |
| 16:28 | Research | Scale Mail Armor |
| 16:32 | Build | Farm |
| 16:36 | Build | Farm |
| 16:38 | Build | Farm |
| 16:42 | Build | Farm |
| 17:02 | Create | Villager (Male) |
| 17:12 | Build | Farm |
| 17:15 | Build | Farm |
| 17:27 | Research | Fletching |
| 17:31 | Create | Villager (Male) |
| 18:34 | Research | Forging |
| 18:37 | Create | Unit 2550 |
| 19:20 | Create | Unit 2550 |
| 19:21 | Create | Villager (Male) |
| 19:26 | Build | Farm |
| 19:27 | Build | Farm |
| 19:27 | Build | Farm |
| 19:27 | Build | Farm |
| 19:29 | Build | Farm |
| 19:30 | Research | Wheelbarrow |
| 19:33 | Build | Farm |
| 19:35 | Build | Farm |
| 19:37 | Build | Farm |
| 19:53 | Build | Farm |
| 19:56 | Create | Unit 2550 |
| 19:57 | Create | Skirmisher |
| 20:16 | Research | Horse Collar |
| 20:19 | Create | Villager (Male) |
| 20:22 | Build | Farm |
| 20:25 | Build | Farm |
| 20:29 | Build | Farm |
| 20:43 | Create | Unit 2550 |
| 20:49 | Build | Farm |
| 21:06 | Create | Villager (Male) |
| 21:13 | Create | Skirmisher |
| 21:30 | Create | Unit 2550 |
| 21:58 | Create | Villager (Male) |
| 22:04 | Build | Market |
| 22:14 | Create | Skirmisher |
| 22:26 | Create | Skirmisher |
| 22:27 | Create | Villager (Male) |
| 22:28 | Create | Villager (Male) |
| 23:08 | Research | Castle Age |
| 23:15 | Build | Outpost |
| 23:23 | Create | Unit 2550 |
| 23:23 | Create | Unit 2550 |
| 23:35 | Research | Stone Mining |
| 23:39 | Research | Gold Mining |
| 23:43 | Build | Settlement |
| 24:09 | Create | Skirmisher |
| 24:09 | Create | Skirmisher |
| 24:11 | Create | Villager (Male) |
| 24:17 | Create | Villager (Male) |
| 24:37 | Create | Skirmisher |
| 24:37 | Create | Skirmisher |
| 24:42 | Create | Unit 2550 |
| 24:43 | Create | Unit 2550 |
| 25:41 | Create | Unit 2550 |
| 25:57 | Age | Castle Age |
| 25:58 | Research | Tech 1351 |
| 25:58 | Research | Tech 1351 |
| 26:02 | Build | House |
| 26:08 | Research | Elite Skirmisher (upgrade) |
| 26:13 | Research | Arson |
| 26:16 | Research | Chain Mail Armor |
| 26:25 | Build | House |
| 26:28 | Create | Villager (Male) |
| 26:50 | Research | Squires |
| 26:52 | Create | Skirmisher |
| 26:52 | Create | Skirmisher |
| 26:55 | Research | Bodkin Arrow |
Match timeline
| 0:02 | Kiski diski papai · first_building Barracks |
| 3:39 | goldenbrowne · wall_segment Palisade Wall x1 |
| 3:39 | goldenbrowne · wall_segment Palisade Wall x1 |
| 3:41 | goldenbrowne · wall_segment Palisade Wall x1 |
| 3:43 | goldenbrowne · wall_segment Palisade Wall x1 |
| 4:52 | goldenbrowne · wall_segment Palisade Wall x8 |
| 5:41 | T-Bone · wall_segment Palisade Wall x5 |
| 5:49 | [Sayarichiy] Caradeoso2362 · wall_segment Palisade Wall x14 |
| 6:27 | goldenbrowne · wall_segment Palisade Wall x6 |
| 6:34 | T-Bone · wall_segment Palisade Wall x5 |
| 7:15 | T-Bone · wall_segment Palisade Wall x5 |
| 7:34 | AnonimouS13 · first_building Barracks |
| 8:08 | T-Bone · wall_segment Palisade Wall x9 |
| 8:15 | goldenbrowne · wall_segment Palisade Wall x3 |
| 8:48 | [Sayarichiy] Caradeoso2362 · first_building Barracks |
| 8:56 | goldenbrowne · wall_segment Palisade Wall x10 |
| 8:57 | AnonimouS13 · age_up feudal |
| 9:01 | AnonimouS13 · first_building Stable |
| 9:21 | T-Bone · wall_segment Palisade Wall x1 |
| 9:22 | T-Bone · wall_segment Palisade Wall x1 |
| 9:45 | [Sayarichiy] Caradeoso2362 · age_up feudal |
| 9:46 | goldenbrowne · first_building Barracks |
| 9:52 | [Sayarichiy] Caradeoso2362 · first_building Archery Range |
| 9:54 | T-Bone · wall_segment Palisade Wall x14 |
| 10:58 | goldenbrowne · age_up feudal |
| 11:00 | goldenbrowne · first_building Archery Range |
| 11:14 | Kiski diski papai · age_up feudal |
| 11:27 | T-Bone · first_building Barracks |
| 12:00 | Kiski diski papai · first_building Archery Range |
| 12:19 | T-Bone · age_up feudal |
| 12:45 | goldenbrowne · wall_segment Palisade Wall x1 |
| 13:02 | goldenbrowne · wall_segment Palisade Wall x1 |
| 13:10 | goldenbrowne · wall_segment Palisade Wall x1 |
| 13:11 | T-Bone · first_building Archery Range |
| 13:13 | goldenbrowne · wall_segment Palisade Wall x1 |
| 13:27 | goldenbrowne · wall_segment Palisade Wall x1 |
| 13:44 | goldenbrowne · wall_segment Palisade Wall x1 |
| 13:46 | Sparrow Fart · age_up feudal |
| 14:49 | T-Bone · wall_segment Palisade Wall x1 |
| 17:00 | Sparrow Fart · first_building Barracks |
| 17:31 | T-Bone · wall_segment Palisade Wall x1 |
| 17:47 | Sparrow Fart · age_up castle |
| 17:56 | Sparrow Fart · first_building Stable |
| 18:37 | T-Bone · first_market_buy 100 food |
| 18:40 | goldenbrowne · wall_segment Palisade Wall x1 |
| 18:57 | T-Bone · wall_segment Palisade Wall x12 |
| 19:17 | T-Bone · wall_segment Palisade Wall x1 |
| 19:20 | [Sayarichiy] Caradeoso2362 · first_market_sell 100 wood |
| 19:21 | [Sayarichiy] Caradeoso2362 · first_market_buy 100 food |
| 19:34 | T-Bone · wall_segment Palisade Wall x8 |
| 20:33 | goldenbrowne · wall_segment Palisade Wall x1 |
| 20:53 | goldenbrowne · wall_segment Palisade Wall x1 |
| 20:59 | T-Bone · wall_segment Palisade Wall x1 |
| 21:07 | T-Bone · wall_segment Palisade Wall x1 |
| 21:29 | goldenbrowne · wall_segment Palisade Wall x1 |
| 21:33 | AnonimouS13 · age_up castle |
| 23:17 | goldenbrowne · wall_segment Palisade Wall x1 |
| 23:36 | [Sayarichiy] Caradeoso2362 · age_up castle |
| 23:36 | goldenbrowne · wall_segment Palisade Wall x5 |
| 23:40 | [Sayarichiy] Caradeoso2362 · first_building Siege Workshop |
| 24:27 | T-Bone · first_building Stable |
| 25:23 | T-Bone · wall_segment Stone Wall x1 |
| 25:28 | T-Bone · wall_segment Stone Wall x2 |
| 25:31 | T-Bone · wall_segment Stone Wall x1 |
| 25:34 | T-Bone · wall_segment Stone Wall x1 |
| 25:45 | T-Bone · wall_segment Stone Wall x1 |
| 25:53 | T-Bone · wall_segment Stone Wall x1 |
| 25:53 | T-Bone · wall_segment Stone Wall x1 |
| 25:54 | T-Bone · wall_segment Stone Wall x1 |
| 25:55 | T-Bone · wall_segment Stone Wall x1 |
| 25:55 | T-Bone · wall_segment Stone Wall x1 |
| 25:56 | T-Bone · wall_segment Stone Wall x1 |
| 25:57 | Kiski diski papai · age_up castle |
| 26:28 | T-Bone · wall_segment Stone Wall x1 |
| 26:29 | T-Bone · wall_segment Stone Wall x1 |
| 28:15 | T-Bone · resign |
[ AI ANALYSIS · 1 CREDIT ]
What really happened in this match?
Wolo.gg analyzes every decision: build order, eco, micro, common mistakes by bracket. Personalized analysis on WhatsApp or Discord in 30 seconds.
Civ guide
Britons
Perfil
Jugador #484233